 Dungeon Crawl Stone Soup version 0.31-a0-925-g0a390f2509 (webtiles) character file.

Game seed: 7220642501557151759

75 Maratek the Covered (level 4, 0/40 HPs)
             Began as a Minotaur Fighter on Oct 18, 2023.
             Succumbed to an adder's poison
             ... on level 2 of the Dungeon.
             The game lasted 00:01:06 (913 turns).

Maratek the Covered (Minotaur Fighter)               Turns: 913, Time: 00:01:06

Health: 0/40       AC:  7    Str: 22    XL:     4   Next: 11%
Magic:  3/3        EV:  9    Int:  5    God:
Gold:   79         SH:  4    Dex: 10    Spells: 3/3 levels left

rFire   . . .        a - +0 trident
rCold   . . .        c - +0 buckler
rNeg    . . .        b - +0 scale mail
rPois   .            (helmet restricted)
rElec   .            (no cloak)
rCorr   .            (no gloves)
SInv    +            (no boots)
Will    .....        (no amulet) Stlth
                     e - ring of see invisible
HPRegen 0.26/turn    (no ring)
MPRegen 0.08/turn

%: no passive effects
@: lethally poisoned (0 -> -1)
A: horns 2, retaliatory headbutt
a: no special abilities


You were on level 2 of the Dungeon.
You visited 1 branch of the dungeon, and saw 2 of its levels.

You collected 79 gold pieces.

Inventory:

Hand Weapons
 a - a +0 trident (weapon)
Armour
 b - a +0 scale mail (worn)
 c - a +0 buckler (worn)
Jewellery
 e - a ring of see invisible (left hand)
Scrolls
 f - a scroll of summoning {unknown}
 g - a scroll of noise {unknown}
 j - 2 scrolls of revelation {unknown}
 k - a scroll of fog {unknown}
Potions
 d - a potion of might
 h - a potion of ambrosia {unknown}
 i - a potion of curing {unknown}


   Skills:
 + Level 4.0 Fighting
 + Level 3.5 Polearms
 + Level 4.6 Armour
 + Level 0.5 Dodging
 + Level 0.1 Stealth
 + Level 4.0 Shields


You had 3 spell levels left.
You didn't know any spells.
Your spell library was empty.

Dungeon Overview and Level Annotations

Branches:
Dungeon (2/15)

Altars:


Innate Abilities, Weirdness & Mutations

You have a pair of horns on your head.
You reflexively headbutt those who attack you in melee.


Message History

The adder poisons you!
You barely miss the adder.
You feel sick. The gnoll closely misses you. The adder barely misses you.
You furiously retaliate!
You headbutt the adder. You block the gnoll's attack.
You hit the adder. Your headbutt misses the adder.
The adder is almost dead.
You feel sick. You block the adder's attack. The gnoll barely misses you.
The adder bites you but does no damage.
You closely miss the adder.
The adder is almost dead.
You feel sick.
You are no longer poisoned.
The adder bites you.
* * * LOW HITPOINT WARNING * * *
You are poisoned.
The adder poisons you! The gnoll barely misses you.
You miss the adder.
The adder is almost dead.
* * * LOW HITPOINT WARNING * * *
You feel sick. The adder barely misses you. You block the gnoll's attack.
The adder bites you.
* * * LOW HITPOINT WARNING * * *
You closely miss the adder.
The adder is almost dead.
* * * LOW HITPOINT WARNING * * *
You feel sick. The adder closely misses you. The gnoll closely misses you.
You closely miss the adder.
The adder is almost dead.
* * * LOW HITPOINT WARNING * * *
You feel sick. You block the adder's attack. The gnoll closely misses you.
The adder barely misses you. The gnoll barely misses you.
You barely miss the adder. You headbutt the adder.
You kill the adder!
* * * LOW HITPOINT WARNING * * *
You feel sick. You block the gnoll's attack.
You have reached level 4!
You feel agile.
You puncture the gnoll! You headbutt the gnoll.
The gnoll is severely wounded.
You die...

# ^#..#.######
.....gg@...##
.#..#.####..#### #
##.†..# ####.#
.#.########.######
......†........[.#
###..............#
......#..........#
#####.#.#####.##.##


You could see 2 gnolls.

Vanquished Creatures
  2 adders (D:2)
  A gnoll (D:2)
  A worm (D:2)
  3 dart slugs
  5 endoplasms
  4 giant cockroaches (D:1)
  5 goblins
  A hobgoblin (D:2)
  6 ball pythons
  4 bats
  2 frilled lizards (D:1)
  3 kobolds
37 creatures vanquished.

Notes
Turn   | Place    | Note
-------+----------+-------------------------------------------
     0 | D:1      | Maratek the Minotaur Fighter began the quest for the Orb.
     0 | D:1      | Reached XP level 1. HP: 19/19 MP: 0/0
   109 | D:1      | Reached XP level 2. HP: 25/27 MP: 1/1
   433 | D:1      | Reached XP level 3. HP: 33/33 MP: 2/2
   912 | D:2      | HP: 1/33 [poisoned by an adder]
   913 | D:2      | Reached XP level 4. HP: 1/40 MP: 3/3
   913 | D:2      | Succumbed to an adder's poison

Illustrated notes

Levels and vault maps discovered:
D:1:      psy_arrival_terrarium, layout_basic
D:2:      layout_basic, shapermc_ecumenical_altar_petra, minmay_pentomino_w2

Skill      XL: |  1  2 |
---------------+-------+-----
Armour         | 4 |  4.6
Shields        | 4 |  4.0
Fighting       | 4 |  4.0
Polearms       | 3 |  3.5
Dodging        | |  0.5
Stealth        | |  0.1

Action                     |  1- 3 |  4- 6 || total
---------------------------+-------+-------++-------
  Melee: Trident           |   110 |     1 ||   111
         Headbutt          |     9 |     1 ||    10
 Armour: Scale mail        |    50 |       ||    50
  Dodge: Dodged            |    45 |       ||    45
  Block: Buckler           |    33 |       ||    33

Table legend: (Time is in decaauts)
 A = Elapsed time spent in this place.
 B = Non-inter-level travel time spent in this place.
 C = Inter-level travel time spent in this place.
 D = Time resting spent in this place.
 E = Time spent auto-exploring this place.
 F = Levels seen in this place.
 G = Mean time per level.
                   A        B        C        D        E       F      G
               +--------+--------+--------+--------+--------+-----+--------+
         Total |    933 |    888 |     45 |      0 |    675 |   2 |  466.5 |
       Dungeon |    933 |    888 |     45 |      0 |    675 |   2 |  466.5 |
               +--------+--------+--------+--------+--------+-----+--------+

Top non-repeatable levels by time:
     D:1: 764 daAuts
     D:2: 169 daAuts
